 Dungeon Crawl Stone Soup version 0.31-a0-1522-g43313d8 (webtiles) character file.

Game seed: 5180525197499690514

257 Meow the Conjurer (level 6, -2/49 HPs)
             Began as a Naga Conjurer on Dec 30, 2023.
             Incinerated by a bombardier beetle (5 damage)
             ... with a burning spray
             ... on level 4 of the Dungeon.
             The game lasted 00:07:41 (2872 turns).

Meow the Conjurer (Naga Conjurer)                   Turns: 2872, Time: 00:07:41

Health: -2/49      AC:  4    Str:  9    XL:     6   Next: 16%
Magic:  8/12       EV:  9    Int: 21    God:
Gold:   267        SH:  0    Dex:  9    Spells: 2/13 levels left

rFire   . . .        a - +0 whip
rCold   . . .        (no shield)
rNeg    . . .        g - +0 robe
rPois   +            (no helmet)
rElec   .            (no cloak)
rCorr   .            l - +0 pair of gloves
SInv    +            (no barding)
Will    .....        (no amulet)
Stlth   +            (no ring)
HPRegen 0.28/turn    (no ring)
MPRegen 0.13/turn

%: no passive effects
@: on fire, glowing, very slow
A: AC +2, large, see invisible, deformed body, poison resistance, slowness 2,
spit poison 1, naga tail 1
a: Spit Poison


You were on level 4 of the Dungeon.
You visited 1 branch of the dungeon, and saw 4 of its levels.

You collected 267 gold pieces.

Inventory:

Hand Weapons
 a - a +0 whip (weapon)
Armour
 g - a +0 robe (worn)
 l - a +0 pair of gloves (worn)
Magical Staves
 s - a staff of fire
Wands
 q - a wand of polymorph (9)
Scrolls
 d - a scroll of immolation {unknown}
 h - 2 scrolls of teleportation
 j - a scroll of blinking {unknown}
 m - a scroll of enchant weapon {unknown}
 o - a scroll of identify
Potions
 b - a potion of magic
 c - a potion of brilliance {unknown}
 e - a potion of attraction
 f - 3 potions of enlightenment
 i - 2 potions of degeneration {unknown}
 k - a potion of resistance {unknown}
 n - a potion of curing {unknown}
 p - 3 potions of lignification {unknown}
 t - a potion of cancellation {unknown}
Miscellaneous
 r - a phial of floods


   Skills:
 - Level 1.5 Dodging
 - Level 3.0 Stealth
 + Level 4.3 Spellcasting
 + Level 5.8 Conjurations


You had 2 spell levels left.
You knew the following spells:

 Your Spells              Type           Power      Damage    Failure   Level
a - Magic Dart            Conj           100%       1d8       1%          1
b - Searing Ray           Conj           58%        2d6       1%          2
B - Iskenderun's Mystic   Conj/Tloc      16%        2d5       34%         4
F - Fulminant Prism       Conj/Alch      8%         3d7       34%         4

Your spell library contained the following spells:

 Spells                   Type           Power      Damage    Failure   Level
 Sting                    Conj/Alch      64%        1d7       3%          1
 Momentum Strike          Conj/Tloc      32%        3d8       5%          2
 Apportation              Tloc           8%         N/A       12%         1
 Necrotise                Necr           16%        1d4       12%         1
 Summon Small Mammal      Summ           16%        N/A       12%         1
 Blink                    Tloc           8%         N/A       19%         2
 Lesser Beckoning         Tloc           8%         N/A       19%         2


Dungeon Overview and Level Annotations

Branches:
Dungeon (4/15)
 Temple: D:4-7

Altars:
Dithmenos
Uskayaw

Shops:
D:4 *


Innate Abilities, Weirdness & Mutations

Your serpentine skin is tough. (AC +2)
You have supernaturally acute eyesight. (SInv)
Armour fits poorly on your strangely shaped body.
Your system is resistant to poisons. (rPois)
You cover ground very slowly.
You can spit poison.
You have a snake-like lower body.


Message History

The splash of poison hits the bombardier beetle!
The bombardier beetle is poisoned.
The bombardier beetle is heavily wounded.
Unknown command.
Casting: Searing Ray (safe; 1% risk of failure)
Confirm with . or Enter, or press ? or * to list all spells.
Aiming: Searing Ray (safe; 1% risk of failure)
Press: ? - help, Shift-Dir - straight line, f/p - bombardier beetle
Aim: a bombardier beetle (heavily wounded, poisoned, 87% to hit)
The searing ray hits the bombardier beetle.
The bombardier beetle is severely wounded. (Press . to maintain the ray.)
The bombardier beetle sprays incendiary fluid at you.
The burning spray hits you.
You are covered in liquid fire!
The searing ray hits the bombardier beetle.
You kill the bombardier beetle!
The liquid fire burns you!
You are on fire!
The liquid fire burns you!
You finish channelling your searing ray.
The liquid fire burns you!
You have got your breath back.
The liquid fire burns you! The liquid fire burns you!
The liquid fire burns you! The liquid fire burns you!
The liquid fire burns you! The liquid fire burns you!
The liquid fire burns you!
* * * LOW HITPOINT WARNING * * *
Okay, then.
The liquid fire burns you!
* * * LOW HITPOINT WARNING * * *
The liquid fire burns you!
* * * LOW HITPOINT WARNING * * *
The liquid fire burns you!
* * * LOW HITPOINT WARNING * * *
The liquid fire burns you!
You die...

#########
.....†..# #@#
########.####
#...........#
#.######.##.#
#.##.# #.##.#
#.##.#
###.##.#
...##.#


There were no monsters in sight!

Vanquished Creatures
  An orc priest (D:2)
  A bombardier beetle (D:4)
  Natasha (thrice) (D:2)
  4 adders
  A white imp (D:4)
  4 dart slugs
  2 orcs (D:2)
  6 ball pythons
  14 endoplasms
  A giant cockroach (D:2)
  4 goblins
  2 hobgoblins
  2 jackals (D:1)
  3 quokkas
  6 bats
  4 frilled lizards
  7 kobolds
  11 rats
76 creatures vanquished.

Notes
Turn   | Place    | Note
-------+----------+-------------------------------------------
     0 | D:1      | Meow the Naga Conjurer began the quest for the Orb.
     0 | D:1      | Reached XP level 1. HP: 15/15 MP: 3/3
   209 | D:1      | Reached XP level 2. HP: 22/22 MP: 0/5
   293 | D:1      | Learned a level 2 spell: Searing Ray
   720 | D:1      | Reached XP level 3. HP: 28/28 MP: 3/6
  1226 | D:2      | Found a faded altar of an unknown god.
  1372 | D:2      | Reached XP level 4. HP: 36/36 MP: 3/8
  1426 | D:2      | Reached skill level 5 in Conjurations
  1587 | D:2      | Noticed Natasha
  1598 | D:2      | Killed Natasha
  1599 | D:2      | Reached XP level 5. HP: 33/42 MP: 1/10
  1611 | D:2      | Noticed Natasha
  1894 | D:2      | Killed Natasha
  2003 | D:2      | Noticed Natasha
  2017 | D:2      | Killed Natasha
  2110 | D:3      | Learned a level 4 spell: Iskenderun's Mystic Blast
  2115 | D:3      | Learned a level 4 spell: Fulminant Prism
  2422 | D:3      | Found a hide-covered altar of Uskayaw.
  2422 | D:3      | Found a shadowy altar of Dithmenos.
  2736 | D:4      | Found Vazaiff's Assorted Antiques.
  2797 | D:4      | Reached XP level 6. HP: 45/49 MP: 8/12
  2872 | D:4      | Incinerated by a bombardier beetle

Illustrated notes

Levels and vault maps discovered:
D:1:      dpeg_arrival_ternary, layout_basic,
          wander_ebering_terrifying_dragon_lair
D:2:      cheibrodos_pilgrimage, layout_rooms, chequers_ecumenical_altar_island,
          uniq_natasha
D:3:      layout_basic, mainiacjoe_overflow_divided_tiny, minmay_checkerbox
D:4:      layout_loops_ring, doesnt_xom_only_xom, lemuel_coloured_pillars_altar,
          serial_shops, nicolae_stop_n_shop_2

Skill      XL: |  1  2  3  4  5 |
---------------+----------------+-----
Spellcasting   | 3 4 |  4.3
Conjurations   | 5 |  5.8
Dodging        | |  1.5
Stealth        | |  3.0

Action                     |  1- 3 |  4- 6 || total
---------------------------+-------+-------++-------
  Melee: Unarmed           |     6 |     1 ||     7
         Whip              |     3 |     6 ||     9
   Cast: Magic Dart        |    47 |    15 ||    62
         Searing Ray       |     6 |    16 ||    22
Ability: Spit Poison       |    26 |    26 ||    52
    Use: Scroll            |     3 |       ||     3
 Armour: Robe              |     9 |    13 ||    22
         Skin              |       |     1 ||     1
  Dodge: Dodged            |    16 |    13 ||    29

Table legend: (Time is in decaauts)
 A = Elapsed time spent in this place.
 B = Non-inter-level travel time spent in this place.
 C = Inter-level travel time spent in this place.
 D = Time resting spent in this place.
 E = Time spent auto-exploring this place.
 F = Levels seen in this place.
 G = Mean time per level.
                   A        B        C        D        E       F      G
               +--------+--------+--------+--------+--------+-----+--------+
         Total |   3557 |   3392 |    165 |    824 |   2089 |   4 |  889.2 |
       Dungeon |   3557 |   3392 |    165 |    824 |   2089 |   4 |  889.2 |
               +--------+--------+--------+--------+--------+-----+--------+

Top non-repeatable levels by time:
     D:1: 1433 daAuts
     D:2: 1030 daAuts
     D:3: 914 daAuts
     D:4: 179 daAuts
